 Dungeon Crawl Stone Soup version 0.31.0-12-g77e489cdc1 (webtiles) character file.

Game seed: 2849292709300166591

123 hawla the Shield-Bearer (level 4, -2/39 HPs)
             Began as a Minotaur Fighter on Feb 19, 2024.
             Slain by a gnoll
             ... wielding a +0 spear
              (4 damage)
             ... on level 3 of the Dungeon.
             The game lasted 00:04:24 (2059 turns).

hawla the Shield-Bearer (Minotaur Fighter)          Turns: 2059, Time: 00:04:24

Health: -2/39      AC:  6    Str: 20    XL:     4   Next: 79%
Magic:  3/3        EV: 10    Int:  5    God:
Gold:   142        SH:  5    Dex: 12    Spells: 3/3 levels left

rFire   . . .        a - +0 long sword
rCold   . . .        c - +0 buckler
rNeg    . . .        b - +0 scale mail
rPois   .            (helmet restricted)
rElec   .            (no cloak)
rCorr   .            (no gloves)
SInv    .            (no boots)
Will    .....        k - amulet of faith Stlth
                     e - +4 ring of slaying
HPRegen 0.26/turn    (no ring)
MPRegen 0.08/turn

%: faith
@: no status effects
A: horns 2, retaliatory headbutt
a: no special abilities


You were on level 3 of the Dungeon.
You visited 1 branch of the dungeon, and saw 3 of its levels.

You collected 142 gold pieces.

Inventory:

Hand Weapons
 a - a +0 long sword (weapon)
Armour
 b - a +0 scale mail (worn)
 c - a +0 buckler (worn)
Jewellery
 e - a +4 ring of slaying (left hand)
 k - an amulet of faith (around neck)
Scrolls
 f - a scroll of fog
 j - a scroll of summoning
Potions
 d - 2 potions of might
 g - a potion of ambrosia {unknown}
 i - a potion of curing


   Skills:
 - Level 3.6 Fighting
 - Level 2.4 Long Blades
 - Level 3.6 Armour
 + Level 3.9 Dodging
 - Level 5.0 Shields


You had 3 spell levels left.
You didn't know any spells.
Your spell library was empty.

Dungeon Overview and Level Annotations

Branches:
Dungeon (3/15)

Altars:


Innate Abilities, Weirdness & Mutations

You have a pair of horns on your head.
You reflexively headbutt those who attack you in melee.


Message History

You hit the gnoll. Your headbutt misses the gnoll.
The gnoll is almost dead.
You block the gnoll's attack.
The gnoll hits you from afar with a +0 spear.
The gnoll hits you with a +0 halberd.
The gnoll hits you from afar with a +0 spear.
Unknown command.
The gnoll barely misses you. The gnoll completely misses you.
You furiously retaliate!
You headbutt the gnoll!
You kill the gnoll!
The gnoll barely misses you. The gnoll closely misses you.
You furiously retaliate!
You headbutt the gnoll!
The gnoll hits you from afar with a +0 halberd!
* * * LOW HITPOINT WARNING * * *
The gnoll barely misses you.
Things that are here:
a +0 spear; a gnoll corpse You feel better.
The gnoll hits you with a +0 club. The gnoll misses you.
The gnoll closely misses you. The gnoll attacks as it pursues you!
The gnoll hits you with a +0 club.
* * * LOW HITPOINT WARNING * * *
The gnoll barely misses you. The gnoll closely misses you.
The gnoll attacks as it pursues you! The gnoll hits you but does no damage.
You barely miss the gnoll.
The gnoll is almost dead.
The gnoll barely misses you. The gnoll hits you with a +0 club.
* * * LOW HITPOINT WARNING * * *
You hit the gnoll.
You kill the gnoll!
The gnoll closely misses you. The gnoll misses you.
The gnoll hits you with a +0 club.
* * * LOW HITPOINT WARNING * * *
You hit the gnoll.
The gnoll is lightly wounded.
You block the gnoll's attack. The gnoll hits you with a +0 club.
* * * LOW HITPOINT WARNING * * *
The gnoll hits you with a +0 spear.
You die...

.. .# .. ##.
... ## #.# #..
#.# # #.. #g#
#.##.###@#
#......g.#
######....####
.............+
#####....####
#.#.## #.###
#...# #...#


You could see 2 gnolls.

Vanquished Creatures
  6 gnolls
  An adder (D:2)
  2 dart slugs
  2 orcs
  3 ball pythons
  4 bats (D:1)
  5 endoplasms
  A giant cockroach (D:2)
  4 goblins (D:2)
  4 hobgoblins (D:1)
  3 jackals (D:2)
  5 kobolds
  2 quokkas (D:1)
  4 frilled lizards (D:1)
  6 rats
52 creatures vanquished.

Notes
Turn   | Place    | Note
-------+----------+-------------------------------------------
     0 | D:1      | hawla the Minotaur Fighter began the quest for the Orb.
     0 | D:1      | Reached XP level 1. HP: 19/19 MP: 0/0
    43 | D:1      | Reached skill level 4 in Shields
    89 | D:1      | Reached XP level 2. HP: 26/26 MP: 1/1
   458 | D:1      | Found a faded altar of an unknown god.
   775 | D:1      | Reached skill level 5 in Shields
   847 | D:1      | Reached XP level 3. HP: 31/31 MP: 2/2
  1194 | D:2      | Reached skill level 1 in Dodging
  1277 | D:2      | HP: 1/31 [gnoll/+0 spear (3)]
  1409 | D:2      | Reached XP level 4. HP: 21/39 MP: 3/3
  1729 | D:2      | You fall into a shaft and drop 1 floor!
  2059 | D:3      | Slain by a gnoll

Illustrated notes

Levels and vault maps discovered:
D:1:      dpeg_arrival_refuge, layout_basic,
          dreamdust_ecumenical_altar_hidden_monk_grotto
D:2:      layout_basic, grunt_ministairs_2, minmay_cut_off
D:3:      layout_loops_corners

Skill      XL: |  1  2  3  4 |
---------------+-------------+-----
Shields        | 4 5 |  5.0
Dodging        | 2 3 |  3.9
Fighting       | |  3.6
Long Blades    | |  2.4
Armour         | |  3.6

Action                     |  1- 3 |  4- 6 || total
---------------------------+-------+-------++-------
  Melee: Long sword        |    58 |    31 ||    89
         Headbutt          |     6 |     5 ||    11
    Use: Scroll            |     5 |     2 ||     7
         Potion            |       |     1 ||     1
 Armour: Scale mail        |    49 |    31 ||    80
  Dodge: Dodged            |    36 |    23 ||    59
  Block: Buckler           |    10 |    10 ||    20
